 Dungeon Crawl Stone Soup version 0.27-a0-1139-g28e009f8a6 (webtiles) character file.

Game seed: 2151129955924060350

6527 Mesmaeker13 the Summoner (level 11, -1/54 HPs)
             Began as a Tengu Summoner on May 7, 2021.
             Was a Priest of Sif Muna.
             Hit by a large rock thrown by a cyclops (31 damage)
             ... on level 11 of the Dungeon.
             The game lasted 00:33:36 (18009 turns).

Mesmaeker13 the Summoner (Tengu Summoner)          Turns: 18009, Time: 00:33:37

Health: -1/54      AC:  8    Str: 12    XL:     11   Next: 1%
Magic:  19/23      EV: 22    Int: 23    God:    Sif Muna [***...]
Gold:   470        SH:  4    Dex: 14    Spells: 11/25 levels left

rFire    . . .     SeeInvis .   q - +8 hand axe of Fate {vorpal, Str+3 Int+4}
rCold    . . .     Faith    .   I - +0 buckler
rNeg     . . .     Spirit   .   H - +0 troll leather armour
rPois    .         Reflect  .   (helmet restricted)
rElec    .         Harm     .   G - +1 cloak
rCorr    .         Rampage  .   t - +1 pair of gloves
Will     +....                  (boots unavailable)
Stlth    ++........             E - amulet of regeneration
HPRegen  2.18/turn              l - ring of willpower
MPRegen  0.18/turn              z - +4 ring of evasion

@: flying quickly and evasively, quick
A: beak, talons 3, nimble flight
a: Renounce Religion, Channel Magic, Forget Spell


You were on level 11 of the Dungeon.
You worshipped Sif Muna.
Sif Muna was most pleased with you.
You visited 2 branches of the dungeon, and saw 12 of its levels.

You collected 470 gold pieces.

Inventory:

Hand Weapons
 p - a +0 trident of venom
 q - the +8 hand axe of Fate (weapon) {vorpal, Str+3 Int+4}
   (You found it on level 5 of the Dungeon)

   It inflicts extra damage upon your enemies.
   It affects your strength (+3).
   It affects your intelligence (+4).
Missiles
 s - a throwing net
 x - a curare-tipped dart
Armour
 t - a +1 pair of gloves (worn)
 G - a +1 cloak (worn)
 H - a +0 troll leather armour (worn)
 I - a +0 buckler (worn)
 J - a +0 kite shield
Jewellery
 c - the ring "Zepah" {Fire rElec}
   (You acquired it on level 6 of the Dungeon)

   [ring of fire]

   It enhances your fire magic.
   It protects you from fire.
   It makes you vulnerable to cold.
   It insulates you from electricity.
 l - a ring of willpower (left hand)
 v - a ring of wizardry
 z - a +4 ring of evasion (right hand)
 E - an amulet of regeneration (around neck)
Wands
 e - a wand of iceblast (17)
 r - a wand of flame (29)
 D - a wand of mindburst (16)
Scrolls
 b - a scroll of magic mapping {unknown}
 d - a scroll of immolation
 g - 2 scrolls of fog
 k - a scroll of noise {unknown}
 m - a scroll of vulnerability
 n - 3 scrolls of teleportation
 u - a scroll of brand weapon
 y - a scroll of enchant armour
 A - a scroll of torment
 C - 3 scrolls of fear
 F - a scroll of amnesia {unknown}
Potions
 a - a potion of invisibility {unknown}
 f - 4 potions of lignification
 h - 3 potions of might
 i - 2 potions of attraction {unknown}
 j - 3 potions of curing
 o - 2 potions of flight {unknown}
 w - a potion of cancellation {unknown}
 B - 3 potions of brilliance
 K - a potion of mutation {unknown}
 L - a potion of haste {unknown}


   Skills:
 - Level 9.2 Dodging
 - Level 2.0 Stealth
 + Level 1.1 Shields
 + Level 7.9 Spellcasting
 + Level 11.0 Summonings
 + Level 4.6 Ice Magic
 - Level 7.2 Air Magic


You had 11 spell levels left.
You knew the following spells:

 Your Spells              Type           Power      Damage    Failure   Level
a - Summon Small Mammal   Summ           100%       N/A       1%          1
b - Call Imp              Summ           56%        N/A       1%          2
c - Call Canine Familiar  Summ           56%        N/A       1%          3
d - Summon Lightning Spi  Summ/Air       50%        N/A       3%          4
e - Summon Ice Beast      Ice/Summ       45%        N/A       5%          4

Your spell library contained the following spells:

 Spells                   Type           Power      Damage    Failure   Level
 Summon Guardian Golem    Hex/Summ       34%        N/A       4%          3
 Magic Dart               Conj           36%        1d4       13%         1
 Searing Ray              Conj           18%        3d3       21%         2
 Dazzling Flash           Conj/Hex       18%        N/A       36%         3
 Fulminant Prism          Conj/Hex       4%         3d6       78%         4
 Iskenderun's Mystic Bla  Conj/Tloc      9%         2d4       78%         4


Dungeon Overview and Level Annotations

Branches:
Dungeon (11/15)            Temple (1/1) D:5            Lair (0/6) D:11
    Orc (0/2) D:9

Altars:
Ashenzari
Cheibriados
Dithmenos
Elyvilon
Fedhas
Gozag
Hepliaklqana
Kikubaaqudgha
Makhleb
Nemelex Xobeh
Okawaru
Qazlal
Ru
Sif Muna
Trog
Uskayaw
Vehumet
Wu Jian
Xom
Yredelemnul
Zin
The Shining One

Shops:
D:9 !

Annotations:
D:4 1 runed translucent door


Innate Abilities, Weirdness & Mutations

You have a beak for a mouth.
You have claws for feet.
Your magical nature lets you fly swiftly and evasively.


Message History

Your wolf's corpse disappears in a puff of smoke!
There is a staircase to the Lair here.
Your ice beast hits the boulder beetle but does no damage.
The boulder beetle leaps!
Casting: Summon Ice Beast (dangerous; 6% risk of failure)
Confirm with . or Enter, or press ? or * to list all spells.
The boulder beetle bites your ice beast!!
Your ice beast dies!
Your lightning spire shoots out a bolt of lightning at the boulder beetle!
The bolt of electricity hits the boulder beetle!
Your lightning spire shoots out a bolt of lightning at the boulder beetle!
The bolt of electricity hits the boulder beetle.
The boulder beetle dies!
Sif Muna accepts your kill.
Your Shields skill increases to level 1!
Your Summonings skill increases to level 11!
You have reached level 11!
Your lightning spire disappears in a puff of smoke!
There is a staircase to the Lair here.
You see here a boulder beetle corpse.
Key pressed, stopping explore.
You reach down and open the door.
There is an open door here.
Found a buckler.
You reach down and open the door.
Your warg disappears in a puff of smoke!
There is an open door here.
You reach down and open the door.
A cyclops comes into view.
Casting: Call Canine Familiar (safe; 1% risk of failure)
Confirm with . or Enter, or press ? or * to list all spells.
An electric hum fills the air.
Your lightning spire shoots out a bolt of lightning at the cyclops!
The bolt of electricity hits the cyclops! x2
The cyclops throws a large rock.
The large rock hits you!!
Ouch! That really hurt!
Unknown command.
The cyclops throws a large rock.
The large rock hits you!!
Ouch! That really hurt!
You die...

#........#
#.......C#
#........#
#........# .......
.8.. ###'# #...#
#@### ###'##########
#............###
#............'.#####
#............#...##.
#............###.##.
#............# #.##.
#............# #....
#............# ####.


You could see a cyclops (ally target) and a friendly lightning spire (summoned).

Vanquished Creatures
  A yak (D:9)
  A wraith (D:6)
  A water moccasin (D:8)
  2 ogres
  A scorpion (D:4)
  A gnoll sergeant (D:9)
  A wight (D:7)
  An orc priest (D:6)
  2 bullfrog zombies
  2 hounds (D:6)
  An iguana (D:5)
  2 orc wizards (D:6)
  A hound zombie (D:4)
  2 adders
  4 gnolls
  A howler monkey skeleton (D:5)
  A white imp (D:6)
  An adder zombie (D:4)
  2 dart slugs
  11 orcs
  5 ball pythons
  4 bats
  3 endoplasms
  4 giant cockroaches
  7 goblins
  2 hobgoblins (D:4)
  11 jackals
  6 kobolds
  3 quokkas
  A goblin skeleton (D:4)
  3 rats (D:1)
88 creatures vanquished.

Vanquished Creatures (collateral kills)
  2 two-headed ogres
  A boulder beetle (D:11)
  Maggie (D:7)
  A komodo dragon (D:10)
  3 trolls
  2 wyverns
  9 yaks
  Eustachio (D:5)
  An acid dragon (D:9)
  2 water moccasins
  10 orc warriors
  2 black bears
  2 ice beasts
  11 ogres
  2 necrophages
  A centaur (D:8)
  6 kobold brigands
  A bullfrog (D:7)
  6 gnoll sergeants
  A scorpion (D:4)
  2 water moccasin zombies
  A wyvern skeleton (D:7)
  14 wights
  7 howler monkeys
  2 centaur zombies
  9 hounds (D:6)
  A human zombie (D:4)
  Crazy Yiuf (D:5)
  A gnoll shaman (D:6)
  3 jellies
  11 orc priests
  A centaur skeleton (D:6)
  An iguana (D:6)
  11 orc wizards
  A hound zombie (D:4)
  3 mummies (D:4)
  14 gnolls
  A howler monkey skeleton (D:6)
  4 adders (D:3)
  A shadow imp (D:8)
  A white imp (D:7)
  A worm (D:3)
  26 orcs
  A ball python (D:2)
  An endoplasm (D:1)
  A giant cockroach (D:1)
  5 hobgoblins
  6 jackals
  8 kobolds
  3 quokkas (D:1)
  6 bats
  2 frilled lizards
  2 goblins (D:1)
  A jackal zombie (D:4)
  A quokka zombie (D:4)
  A rat (D:3)
220 creatures vanquished.

Vanquished Creatures (others)
  4 fungi
  16 plants
20 creatures vanquished.

Grand Total: 328 creatures vanquished

Notes
Turn   | Place    | Note
-------+----------+-------------------------------------------
     0 | D:1      | Mesmaeker13 the Tengu Summoner began the quest for the Orb.
     0 | D:1      | Reached XP level 1. HP: 10/10 MP: 4/4
   345 | D:1      | Reached skill level 5 in Summonings
   353 | D:1      | Reached XP level 2. HP: 8/15 MP: 6/6
  1580 | D:1      | Learned a level 2 spell: Call Imp
  1829 | D:2      | Reached XP level 3. HP: 19/19 MP: 4/7
  2140 | D:2      | Learned a level 3 spell: Call Canine Familiar
  3519 | D:3      | Found an iron altar of Okawaru.
  3695 | D:3      | Reached XP level 4. HP: 24/24 MP: 2/9
  4698 | D:4      | Noticed a necrophage
  4712 | D:4      | Killed a necrophage
  4713 | D:4      | Gained mutation: Your magical nature lets you fly swiftly
                  | and evasively. [Tengu growth]
  4713 | D:4      | Reached XP level 5. HP: 26/28 MP: 4/10
  4742 | D:4      | Reached skill level 6 in Summonings
  4745 | D:4      | Found an ancient bone altar of Kikubaaqudgha.
  4892 | D:4      | Learned a level 4 spell: Summon Lightning Spire
  5087 | D:4      | Reached skill level 1 in Air Magic
  5532 | D:4      | Reached XP level 6. HP: 18/32 MP: 6/12
  5930 | D:4      | Noticed a human
  5931 | D:4      | Found a runed translucent door.
  6184 | D:4      | Found a basalt altar of Yredelemnul.
  6575 | D:5      | Entered Level 5 of the Dungeon
  6575 | D:5      | Noticed a black bear
  6821 | D:5      | Reached XP level 7. HP: 36/36 MP: 3/14
  7033 | D:5      | Noticed Eustachio
  7509 | D:5      | Found a blossoming altar of Fedhas.
  7646 | D:5      | Reached skill level 7 in Summonings
  7746 | D:5      | Identified the +8 hand axe of Fate {vorpal, Str+3 Int+4}
  7771 | D:5      | Reached skill level 5 in Dodging
  8069 | D:5      | Found a staircase to the Ecumenical Temple.
  8118 | D:5      | Killed Eustachio
  8119 | D:5      | Reached XP level 8. HP: 36/41 MP: 9/15
  8411 | D:5      | Found a runed translucent door.
  8412 | D:5      | Noticed Crazy Yiuf
  8424 | D:5      | Killed Crazy Yiuf
  8555 | D:6      | Noticed a wraith
  8575 | D:6      | Killed a wraith
  8998 | D:6      | Reached skill level 5 in Air Magic
  9016 | D:6      | Reached skill level 5 in Spellcasting
  9103 | D:6      | Reached skill level 8 in Summonings
  9590 | D:6      | Noticed a two-headed ogre
  9610 | D:6      | Killed a two-headed ogre
  9611 | D:6      | Reached XP level 9. HP: 45/45 MP: 1/18
 10918 | Temple   | Entered the Ecumenical Temple
 11028 | Temple   | Became a worshipper of Sif Muna the Loreminder
 11102 | D:6      | Reached skill level 9 in Summonings
 11153 | D:6      | Learned a level 4 spell: Summon Ice Beast
 11153 | D:6      | Identified a scroll of acquirement
 11154 | D:6      | Acquired the ring "Zepah" {Fire rElec}
 12300 | D:6      | Reached skill level 1 in Ice Magic
 12458 | D:7      | Reached * piety under Sif Muna
 12533 | D:7      | Found a shadowy altar of Dithmenos.
 13004 | D:7      | Found a radiant altar of Vehumet.
 13020 | D:7      | Noticed Maggie
 13038 | D:7      | Killed Maggie
 13524 | D:7      | Found a broken altar of Ashenzari.
 13671 | D:7      | Reached XP level 10. HP: 42/50 MP: 21/21
 14027 | D:8      | Reached ** piety under Sif Muna
 14445 | D:8      | Reached skill level 10 in Summonings
 14996 | D:9      | Found an opulent altar of Gozag.
 16018 | D:9      | Found a staircase to the Orcish Mines.
 16046 | D:9      | Found Fiunku's Distillery.
 16126 | D:9      | Reached *** piety under Sif Muna
 16295 | D:10     | Entered Level 10 of the Dungeon
 16480 | D:10     | Found a snail-covered altar of Cheibriados.
 16482 | D:10     | Found a shimmering altar of Xom.
 16885 | D:10     | Found a glowing silver altar of Zin.
 16887 | D:10     | Noticed a two-headed ogre
 16897 | D:10     | Killed a two-headed ogre
 16901 | D:10     | Found a stormy altar of Qazlal.
 16912 | D:10     | Found a sparkling altar of Nemelex Xobeh.
 17450 | D:11     | Noticed a boulder beetle
 17843 | D:11     | Found a staircase to the Lair.
 17878 | D:11     | Killed a boulder beetle
 17879 | D:11     | Reached skill level 1 in Shields
 17879 | D:11     | Reached skill level 11 in Summonings
 17879 | D:11     | Reached XP level 11. HP: 54/54 MP: 7/23
 18005 | D:11     | Noticed a cyclops
 18009 | D:11     | Hit by a large rock thrown by a cyclops

Illustrated notes

Levels and vault maps discovered:
D:1:      nagdon_arrival_double_spiral, layout_loops_ring
D:2:      layout_loops_ring, minmay_stone_trees_small, hangedman_decor_lopped
D:3:      layout_basic, nicolae_overflow_crystal_walls, grunt_ministairs_13
D:4:      layout_loops_cross, lemuel_mausoleum_altar_kikubaaqudgha,
          dk_yredelemnul_ordeal, roderic_serpentine_path,
          corexii_item_surrounded_by_moat, minmay_misc_feat_square,
          grunt_decor_one_mirror, minmay_strange_pillars
D:5:      layout_basic, kennysheep_mini_moat, minmay_temple_entry_purple_smoke,
          uniq_crazy_yiuf_cottage, uniq_eustachio
D:6:      lemuel_castle_with_subvaults [lemuel_castle_interior_carwin_1],
          layout_loops_ring
D:7:      layout_basic, nicolae_dithmenos_shadow_blocks, general_overflow_altar,
          lemuel_tele_altar, uniq_maggie
D:8:      layout_basic
D:9:      layout_grid_maze, grunt_gozag_statues,
          kennysheep_orc_monster_closet_entryway, serial_shops,
          nicolae_shop_window_shopping
D:10:     layout_basic, nicolae_overflow_hidden_temple
D:11:     layout_roguey, dpeg_oklobed_lair, beargit_hepliaklqana_dungeon_heroes
Temple:   kb_temple_of_zot

Skill      XL: |  1  2  3  4  5  6  7  8  9 10 |
---------------+-------------------------------+-----
Summonings     | 5 6 7 8 9 11 | 11.0
Dodging        | 3 4 5 6 8 9 |  9.2
Spellcasting   | 3 4 5 6 7 |  7.9
Air Magic      | 1 2 4 6 7 |  7.2
Ice Magic      | 2 4 |  4.6
Shields        | 1 |  1.1
Stealth        | |  2.0

Action                   |  1- 3 |  4- 6 |  7- 9 | 10-12 || total
-------------------------+-------+-------+-------+-------++-------
Melee: Short sword       |    80 |     6 |       |       ||    86
       Kick              |    17 |    13 |    19 |    13 ||    62
       Unarmed           |     2 |       |       |       ||     2
       Peck              |     9 |     9 |    15 |     8 ||    41
       Whip              |       |    43 |       |       ||    43
       Scimitar          |       |    23 |    25 |       ||    48
       Hand axe          |       |       |    62 |    43 ||   105
 Cast: Summon Small Mamm |    38 |     1 |     2 |     1 ||    42
       Call Imp          |    18 |    33 |    24 |     2 ||    77
       Call Canine Famil |       |    17 |    50 |    25 ||    92
       Summon Lightning  |       |       |    43 |    39 ||    82
       Summon Ice Beast  |       |       |       |     4 ||     4
  Use: Scroll            |       |     2 |     7 |     6 ||    15
       Potion            |       |       |     1 |       ||     1
 Stab: Sleeping          |     3 |     2 |       |       ||     5
       Distracted        |       |     2 |     1 |       ||     3
Armor: Robe              |    45 |    15 |    13 |     2 ||    75
       Troll leather arm |       |       |       |     2 ||     2
Dodge: Dodged            |   109 |    65 |    75 |    53 ||   302
Block: Buckler           |       |       |       |     2 ||     2
       Rpst.: Scimitar   |       |     7 |     6 |       ||    13

Table legend: (Time is in decaauts)
 A = Elapsed time spent in this place.
 B = Non-inter-level travel time spent in this place.
 C = Inter-level travel time spent in this place.
 D = Time resting spent in this place.
 E = Time spent auto-exploring this place.
 F = Levels seen in this place.
 G = Mean time per level.
                   A        B        C        D        E       F      G
               +--------+--------+--------+--------+--------+-----+--------+
         Total |  17458 |  16382 |   1076 |   5098 |   7987 |  12 | 1454.8 |
       Dungeon |  17314 |  16245 |   1069 |   5098 |   7859 |  11 | 1574.0 |
        Temple |    143 |    136 |      7 |      0 |    128 |   1 |  143.0 |
               +--------+--------+--------+--------+--------+-----+--------+

Top non-repeatable levels by time:
     D:6: 3412 daAuts
     D:4: 2122 daAuts
     D:5: 2115 daAuts
     D:1: 1583 daAuts
     D:3: 1550 daAuts
     D:9: 1507 daAuts
     D:7: 1405 daAuts
     D:2: 1253 daAuts
     D:8: 1088 daAuts
    D:10: 856 daAuts
    D:11: 420 daAuts
  Temple: 143 daAuts
